 Dungeon Crawl Stone Soup version 0.26-a0-1139-g7d2dc893a1 (webtiles) character file.

Game seed: 4511783225462712926

159 Dracia the Chopper (level 5, -4/41 HPs)
             Began as a Demonspawn Fighter on Dec 21, 2020.
             Splashed by a jelly's acid (9 damage)
             ... on level 2 of the Dungeon.
             The game lasted 00:03:49 (1112 turns).

Dracia the Chopper (Demonspawn Fighter)             Turns: 1112, Time: 00:03:49

Health: -4/41      AC:  4    Str: 17    XL:     5   Next: 17%
Magic:  5/5        EV:  7    Int:  9    God:
Gold:   122        SH: 11    Dex: 13    Spells: 4/4 levels left

rFire    . . .     SeeInvis .   a - +0 war axe
rCold    . . .     Faith    .   m - +2 kite shield
rNeg     . . .     Spirit   .   b - +0 scale mail
rPois    .         Reflect  .   (helmet restricted)
rElec    .         Harm     .   (no cloak)
rCorr    .         Rampage  .   (no gloves)
Will     .....                  (no boots)
Stlth    ..........             (no amulet)
HPRegen  0.53/turn              (no ring)
MPRegen  0.09/turn              (no ring)

@: brilliant, corroded
A: horns 1, molten scales 1, deterioration 1, mutation resistance 1,
regeneration 1
a: no special abilities


You were on level 2 of the Dungeon.
You visited 1 branch of the dungeon, and saw 2 of its levels.

You collected 122 gold pieces.


Innate Abilities, Weirdness & Mutations

You have a pair of small horns on your head.
You are partially covered in molten scales. (AC +2)
Your body sometimes deteriorates upon taking damage.
You are somewhat resistant to further mutation.
Your natural rate of healing is unusually fast.


   Skills:
 - Level 3.0 Fighting
 * Level 3.7 Axes
 + Level 3.5 Armour
 + Level 3.5 Shields


You had 4 spell levels left.
You didn't know any spells.
Your spell library was empty.

Inventory:

Hand Weapons
 a - a +0 war axe (weapon)
Armour
 b - a +0 scale mail (worn)
 c - a +0 kite shield
 m - a +2 kite shield (worn)
Jewellery
 i - a cursed amulet of inaccuracy {unknown}
Scrolls
 f - 2 scrolls of random uselessness {unknown}
 g - a scroll of immolation {unknown}
 h - a scroll of blinking {unknown}
 j - a scroll of fear {unknown}
 l - a scroll of remove curse {unknown}
Potions
 d - 2 potions of might

Dungeon Overview and Level Annotations

Branches:
Dungeon (2/15)

Altars:

#.........#...÷..###.
....#......##.#.#..###.
# ##)()###....#......
##)))####...##.####
##.....###......#
#.......##...####
#(......###..# ###
#.......###..#####..
#..@....##..........
#...J#######.#####..
#....JJ.## #.## ###
########(# #..#
##JJ†J.(## ##.#
#'####### #.#
#......... #.#
#......... #.#
#÷........ #.#


You could see a jelly and 2 oozes.


Message History

You see here a stone.
You see here a stone.
There is an open door here.
You slash the ooze!
The ooze is almost dead.
You are no longer corroded.
The ooze hits you but does no damage.
You slash the ooze!
You kill the ooze!
The jelly hits you but does no damage.
You hit the jelly.
Your hands burn!
* * * LOW HITPOINT WARNING * * *
You headbutt the jelly.
The jelly is severely wounded.
The jelly hits you.
* * * LOW HITPOINT WARNING * * *
You are splashed with acid!
* * * LOW HITPOINT WARNING * * *
It was a potion of brilliance.
You feel clever all of a sudden. The jelly hits you but does no damage.
Unknown command.
It was a potion of mutation.
You feel extremely strange.
You begin to heal more quickly.
You feel yourself wasting away.
You feel genetically stable. The jelly barely misses you. The jelly hits you.
* * * LOW HITPOINT WARNING * * *
The acid corrodes you!
You are splashed with acid!
You die...

Skill      XL: |  1  2  3 |
---------------+----------+-----
Axes           | 2 3 |  3.7
Shields        | 3 |  3.5
Armour         | 3 |  3.5
Fighting       | |  3.0

Action                   |  1- 3 |  4- 6 || total
-------------------------+-------+-------++-------
Melee: War axe           |    97 |    12 ||   109
       Headbutt          |    10 |     4 ||    14
  Use: Potion            |     1 |     2 ||     3
Armor: Scale mail        |    50 |    13 ||    63
Dodge: Dodged            |    30 |     7 ||    37
Block: Kite shield       |    59 |    11 ||    70

Levels and vault maps discovered:
D:1:      sevenhm_arrival_forest_fort_small_4, layout_basic
D:2:      cheibrodos_fertilizer, layout_loops_cross

Notes
Turn   | Place    | Note
-------+----------+-------------------------------------------
     0 | D:1      | Dracia the Demonspawn Fighter began the quest for the Orb.
     0 | D:1      | Reached XP level 1. HP: 18/18 MP: 1/1
    98 | D:1      | Reached skill level 2 in Axes
   185 | D:1      | Gained mutation: You have a pair of small horns on your
                  | head. [demonic ancestry]
   185 | D:1      | Reached XP level 2. HP: 23/24 MP: 2/2
   493 | D:2      | Reached skill level 3 in Shields
   496 | D:2      | Reached skill level 3 in Armour
   580 | D:2      | Gained mutation: You are partially covered in molten
                  | scales. (AC +2) [demonic ancestry]
   580 | D:2      | Reached XP level 3. HP: 28/29 MP: 3/3
   817 | D:2      | Reached skill level 3 in Axes
   822 | D:2      | HP: 2/29 [poisoned by a kobold]
  1086 | D:2      | Reached XP level 4. HP: 35/35 MP: 4/4
  1094 | D:2      | Reached XP level 5. HP: 19/41 MP: 5/5
  1110 | D:2      | Gained mutation: Your natural rate of healing is unusually
                  | fast. [potion of mutation]
  1110 | D:2      | Gained mutation: Your body sometimes deteriorates upon
                  | taking damage. [potion of mutation]
  1110 | D:2      | Gained mutation: You are somewhat resistant to further
                  | mutation. [potion of mutation]
  1112 | D:2      | Splashed by a jelly's acid

Vanquished Creatures
  2 jellies (D:2)
  3 adders (D:2)
  7 oozes (D:2)
  3 bats (D:1)
  A giant cockroach (D:1)
  4 goblins (D:1)
  5 hobgoblins (D:1)
  A ball python (D:2)
  5 frilled lizards
  12 kobolds
  4 rats
47 creatures vanquished.

Vanquished Creatures (others)
  4 fungi (D:2)
  12 toadstools (D:2)
16 creatures vanquished.

Grand Total: 63 creatures vanquished

Table legend: (Time is in decaauts)
 A = Elapsed time spent in this place.
 B = Non-inter-level travel time spent in this place.
 C = Inter-level travel time spent in this place.
 D = Time resting spent in this place.
 E = Time spent auto-exploring this place.
 F = Levels seen in this place.
 G = Mean time per level.
                   A        B        C        D        E       F      G
               +--------+--------+--------+--------+--------+-----+--------+
         Total |   1161 |   1141 |     20 |    211 |    659 |   2 |  580.5 |
       Dungeon |   1161 |   1141 |     20 |    211 |    659 |   2 |  580.5 |
               +--------+--------+--------+--------+--------+-----+--------+

Top non-repeatable levels by time:
     D:2: 657 daAuts
     D:1: 504 daAuts

Table legend:
 A = Non-vault XP
 B = Vault XP
 C = Vault XP percentage of total XP
 D = Non-vault monster count
 E = Vault monster count
 F = Vault count percentage of total count
                 A         B        C        D         E       F
            +---------+---------+-------+---------+---------+-------
      Total |      81 |     147 |  64.5 |      30 |      17 |  36.2
            +---------+---------+-------+---------+---------+-------
        D:1 |      33 |       0 |   0.0 |      19 |       0 |   0.0
        D:2 |      48 |     147 |  75.4 |      11 |      17 |  60.7
            +---------+---------+-------+---------+---------+-------
